 Dungeon Crawl Stone Soup version 0.29.1-12-g30fa7ad0bf (webtiles) character file.

Game seed: 10760490792997974794

253 hawla the Chiller (level 6, 0/45 HPs)
             Began as a Meteoran Ice Elementalist on Dec 30, 2022.
             Was an Initiate of Vehumet.
             Slain by a centaur (3 damage)
             ... on level 5 of the Dungeon.
             The game lasted 00:04:33 (1620 turns).

hawla the Chiller (Meteoran Ice Elementalist)       Turns: 1620, Time: 00:04:34

Health: 0/45       AC:  3    Str: 11    XL:     6   Next: 64%
Magic:  9/11       EV: 12    Int: 18    God:    Vehumet [......]
Gold:   733        SH:  0    Dex: 14    Spells: 3/11 levels left

rFire   + . .      SeeInvis .   g - staff of fire
rCold   . . .      Faith    .   (no shield)
rNeg    . . .      Spirit   .   a - +0 robe
rPois   .          Reflect  .   (no helmet)
rElec   .          Harm     .   d - +0 cloak
rCorr   .          Rampage  .   (no gloves)
Will    .....                   (no boots)
Stlth   +.........              (no amulet)
HPRegen 0.15/turn               (no ring)
MPRegen 0.12/turn               (no ring)

@: glowing
A: sense surroundings 1, otherworldly, glowing, explore regen
a: Renounce Religion


You were on level 5 of the Dungeon.
You worshipped Vehumet.
Vehumet was noncommittal.
You visited 2 branches of the dungeon, and saw 6 of its levels.

You collected 733 gold pieces.

Inventory:

Armour
 a - a +0 robe (worn)
 d - a +0 cloak (worn)
Magical Staves
 g - a staff of fire (weapon)
Jewellery
 f - the ring "Omynt" {rF++ rN+ Str-4 Dex-3 SInv}
   (You found it on level 5 of the Dungeon)

   [ring of positive energy]

   Str:       It affects your strength (-4).
   Dex:       It affects your dexterity (-3).
   rF:        It greatly protects you from fire.
   rN:        It protects you from negative energy.
   SInv:      It lets you see invisible.
 i - a +6 ring of dexterity
Scrolls
 c - 2 scrolls of teleportation
 h - a scroll of enchant weapon
 j - a scroll of enchant armour
 k - a scroll of silence
Potions
 b - a potion of magic
 e - 3 potions of flight


   Skills:
 - Level 0.2 Fighting
 - Level 0.3 Staves
 - Level 2.5 Dodging
 - Level 1.4 Stealth
 - Level 3.2 Spellcasting
 + Level 4.5 Conjurations
 - Level 2.0 Fire Magic
 - Level 5.4 Ice Magic
 - Level 2.0 Evocations


You had 3 spell levels left.
You knew the following spells:

 Your Spells              Type           Power      Damage    Failure   Level
a - Freeze                Ice            88%        1d10      1%          1
b - Frozen Ramparts       Ice            44%        1d7       5%          3
c - Hailstorm             Conj/Ice       20%        3d6       21%         4

Your spell library contained the following spells:

 Spells                   Type           Power      Damage    Failure   Level
 Ozocubu's Armour         Ice            22%        N/A       5%          3
 Static Discharge         Conj/Air       11%        3-5/arc   10%         2
 Sticky Flame             Conj/Fire      22%        2d4       38%         4
 Corpse Rot               Necr/Pois/Air  2%         N/A       85%         4
 Dispel Undead            Necr           2%         3d7       85%         4
 Death Channel            Necr           1%         N/A       100%        6


Dungeon Overview and Level Annotations

Branches:
Dungeon (5/15) Zot: 1399   Temple (1/1) D:4 Zot: 579

Altars:
Kikubaaqudgha
Okawaru
Ru
Vehumet
Xom
Yredelemnul


Innate Abilities, Weirdness & Mutations

You passively map a small area around you.
You are easily found by Zot.
You glow in the dark.
You regain HP and MP as you explore.


Message History

The arrow hits you!
The centaur shoots an arrow.
The arrow completely misses you.
The centaur shoots an arrow.
The arrow hits you!
The centaur shoots an arrow.
The arrow hits you!
* * * LOW HITPOINT WARNING * * *
The centaur unwields a +0 shortbow.
The centaur hits you.
* * * LOW HITPOINT WARNING * * *
The centaur kicks you but does no damage.
You feel better. The centaur barely misses you. x2
The centaur closely misses you. The centaur completely misses you.
Casting: Freeze (safe; 1% risk of failure)
Confirm with . or Enter, or press ? or * to list all spells.
Casting: Frozen Ramparts (dangerous; 5% risk of failure)
Press: ? - help, Dir - look around, f - activate
Okay, then.
Unknown command.
Casting: Frozen Ramparts (dangerous; 5% risk of failure)
Confirm with . or Enter, or press ? or * to list all spells.
Aiming: Freeze (safe; 1% risk of failure)
Press: ? - help, Shift-Dir - straight line, f - centaur
Aim: a centaur You freeze the centaur.
The centaur is lightly wounded.
The centaur closely misses you. The centaur kicks you.
Unknown command.
Casting: Freeze (safe; 1% risk of failure)
Confirm with . or Enter, or press ? or * to list all spells.
Aiming: Freeze (safe; 1% risk of failure)
Press: ? - help, Shift-Dir - straight line, f/p - centaur
Aim: a centaur (lightly wounded)
You freeze the centaur.
The centaur is moderately wounded.
The centaur hits you.
* * * LOW HITPOINT WARNING * * *
The centaur kicks you.
* * * LOW HITPOINT WARNING * * *
The centaur hits you.
* * * LOW HITPOINT WARNING * * *
The centaur kicks you.
You die...

#)#.(..###### ,
* #.#..........
* , *
#......##### *
####.......# *
* * #.#####.#
###.#####.#,#
#.........#.# ,
, #..........#
, ##.)#.@...##
* #.....c...# *
*
..#......#....#
* ,
#.#########.#
#.** # . * * *
, *, * ,,


You could see a centaur.

Vanquished Creatures
  2 scorpions
  A hound (D:4)
  Natasha (twice) (D:4)
  An orc wizard (D:5)
  8 orcs (D:5)
  3 ball pythons
  2 endoplasms
  2 hobgoblins
  A quokka (D:4)
22 creatures vanquished.

Notes
Turn   | Place    | Note
-------+----------+-------------------------------------------
     0 | D:1      | hawla the Meteoran Ice Elementalist began the quest for the
                  | Orb.
     0 | D:1      | Reached XP level 1. HP: 14/14 MP: 5/5
    47 | D:2      | Found a sacrificial altar of Ru.
    71 | D:2      | Reached XP level 2. HP: 20/20 MP: 2/6
   222 | D:3      | Found an ancient bone altar of Kikubaaqudgha.
   244 | D:3      | Found a shimmering altar of Xom.
   301 | D:4      | Noticed a hound
   318 | D:4      | Killed a hound
   319 | D:4      | Reached skill level 1 in Fire Magic
   319 | D:4      | Reached skill level 1 in Evocations
   319 | D:4      | Reached XP level 3. HP: 5/26 MP: 4/8
   323 | D:4      | Learned a level 3 spell: Frozen Ramparts
   391 | D:4      | Noticed a scorpion
   399 | D:4      | Killed a scorpion
   400 | D:4      | Reached skill level 5 in Ice Magic
   400 | D:4      | Reached XP level 4. HP: 33/33 MP: 3/9
   400 | D:4      | Reached XP level 5. HP: 38/38 MP: 3/10
   405 | D:4      | Learned a level 4 spell: Hailstorm
   514 | D:4      | Noticed Natasha
   520 | D:4      | Killed Natasha
   521 | D:4      | Reached skill level 1 in Conjurations
   965 | D:4      | Noticed Natasha
   969 | D:4      | Killed Natasha
  1412 | D:4      | Found a staircase to the Ecumenical Temple.
  1418 | Temple   | Entered the Ecumenical Temple
  1428 | Temple   | Became a worshipper of Vehumet
  1499 | D:5      | Entered Level 5 of the Dungeon
  1502 | D:5      | Identified a scroll of acquirement
  1502 | D:5      | Acquired 620 gold pieces
  1521 | D:5      | Reached XP level 6. HP: 30/45 MP: 3/11
  1575 | D:5      | Identified the ring "Omynt" {rF++ rN+ Str-4 Dex-3 SInv}
  1612 | D:5      | Noticed a centaur
  1620 | D:5      | Slain by a centaur

Illustrated notes

Levels and vault maps discovered:
D:1:      dpeg_arrival_windows_large_door, layout_basic
D:2:      layout_basic, basic_altar
D:3:      layout_loops_ring, jmf_multi_god_temple2,
          mainiacjoe_overflow_big_doors, grunt_decor_one_mirror,
          chequers_serial_rivers_micro_e, corexii_leaking_fountain, uniq_grinder
D:4:      layout_layer_cave, minmay_temple_entry_fiery, minmay_misc_feat_x,
          uniq_natasha
D:5:      layout_loops_cross
Temple:   regret_index_temple_sphere_string

Skill      XL: |  1  2  3  4  5  6 |
---------------+-------------------+-----
Fire Magic     | 1 2 |  2.0
Evocations     | 1 2 |  2.0
Spellcasting   | 3 |  3.2
Ice Magic      | 5 |  5.4
Conjurations   | 2 4 |  4.5
Fighting       | |  0.2
Staves         | |  0.3
Dodging        | |  2.5
Stealth        | |  1.4

Action                   |  1- 3 |  4- 6 || total
-------------------------+-------+-------++-------
Melee: Staff             |     6 |     5 ||    11
       Punch             |       |     1 ||     1
 Cast: Freeze            |    13 |    13 ||    26
       Frozen Ramparts   |     2 |     5 ||     7
       Hailstorm         |       |     1 ||     1
  Use: Scroll            |     2 |     6 ||     8
       Potion            |     1 |     1 ||     2
Armor: Robe              |     6 |     5 ||    11
Dodge: Dodged            |    13 |    13 ||    26
